 Dungeon Crawl Stone Soup version 0.25-a0-578-gc91f01c39c (webtiles) character file.

Game seed: 7050621806779712363, levelgen mode: deterministic

188692 zaran the Bewitcher (level 17, -3/88 HPs)
             Began as a Spriggan Arcane Marksman on Mar 2, 2020.
             Was an Initiate of Gozag.
             Slain by a tentacled starspawn (4 damage)
             ... on level 3 of the Abyss on Mar 4, 2020.
             The game lasted 07:37:07 (70782 turns).

zaran the Bewitcher (Spriggan Arcane Marksman)     Turns: 70782, Time: 07:37:07

Health: -3/88      AC:  7    Str: 16    XL:     17   Next: 48%
Magic:  0/37       EV: 29    Int: 15    God:    Gozag
Gold:   342        SH:  0    Dex: 18    Spells: 31/46 levels left

rFire    . . .     SeeInvis +   V - +2 rapier (holy)
rCold    . . .     Gourm    .   (shield restricted)
rNeg     . . .     Faith    .   I - +1 steam dragon scales
rPois    +         Spirit   +   X - +1 hat
rElec    .         Reflect  .   t - scarf {Spirit}
rCorr    .         Harm     .   (gloves unavailable)
MR       ++...                  (boots unavailable)
Stlth    ++........             p - amulet of regeneration
HPRegen  0.64/turn              x - +5 ring of strength
MPRegen  0.25/turn              M - ring of poison resistance

@: portal projectile, glowing, lightly drained, very quick
A: very small, unfitting armour, see invisible, herbivore, speed 3, slow
metabolism 2
}: 1/15 runes: gossamer
a: Potion Petition, Call Merchant, Bribe Branch, Renounce Religion, Cancel
Portal Projectile


You were on level 3 of the Abyss.
You worshipped Gozag.
Gozag was aware of your devotion.
You were near starving.

You visited 8 branches of the dungeon, and saw 31 of its levels.
You visited the Abyss 1 time.

You collected 11118 gold pieces.
You spent 2545 gold pieces at shops.
You paid 8231 gold pieces to Gozag.

Inventory:

Hand Weapons
 c - a +2 scimitar of electrocution
 j - a +4 triple crossbow
 n - a +4 vorpal hunting sling
 E - the +6 short sword of the Dove {venom, Int+4 SInv}
   (You found it on level 11 of the Dungeon)

   It poisons the flesh of those it strikes.
   It affects your intelligence (+4).
   It lets you see invisible.
 V - a +2 rapier of holy wrath (weapon)
 Z - a +2 shortbow of freezing
Missiles
 d - 615 arrows
 q - 91 bolts
 y - 125 sling bullets
Armour
 t - a scarf of spirit shield (worn)
 I - +1 steam dragon scales (worn)
 X - a +1 hat (worn)
Jewellery
 m - a +4 ring of dexterity
 p - an amulet of regeneration (around neck)
 r - an uncursed ring of stealth
 w - an uncursed ring of positive energy
 x - a +5 ring of strength (left hand)
 D - an uncursed ring of protection from fire
 G - an uncursed ring of resist corrosion
 M - a ring of poison resistance (right hand)
 R - an uncursed ring of ice
Wands
 o - a wand of acid (9)
 F - a wand of digging (16)
 H - a wand of polymorph (11)
 O - a wand of flame (25)
 T - a wand of paralysis (6)
Scrolls
 a - a scroll of magic mapping
 g - 7 scrolls of fog
 h - 7 scrolls of fear
 k - 3 scrolls of immolation
 s - 19 scrolls of remove curse
 z - a scroll of silence
 B - 8 scrolls of teleportation
 W - 5 scrolls of amnesia
 Y - 2 scrolls of enchant armour
Potions
 e - 6 potions of haste
 i - 5 potions of flight
 v - 3 potions of resistance
 A - 2 potions of magic
 C - 4 potions of berserk rage
 L - a potion of curing
 P - 3 potions of brilliance
 Q - 3 potions of might
 S - 2 potions of cancellation
 U - 2 potions of ambrosia
Comestibles
 f - 36 rations


   Skills:
 + Level 9.9(9.6) Fighting
 + Level 11.1(11.4) Short Blades
 + Level 4.7(7.0) Long Blades
 + Level 8.7(8.5) Slings
 + Level 12.7(12.5) Bows
 + Level 13.0(12.7) Crossbows
 + Level 13.2(12.9) Dodging
 + Level 9.1(8.9) Stealth
 + Level 15.1(14.8) Spellcasting
 + Level 15.2(14.9) Hexes
 + Level 0.2(0.0) Charms
 + Level 4.3(4.1) Translocations
 + Level 1.9(1.7) Evocations


You had 31 spell levels left.
You knew the following spells:

 Your Spells              Type           Power        Failure   Level  Hunger
a - Corona                Hex            ######.      0%          1    None
b - Slow                  Hex            ######..     1%          2    None
c - Portal Projectile     Hex/Tloc       #####.       1%          3    None
d - Inner Flame           Hex/Fire       ####....     1%          3    None
e - Cause Fear            Hex            ######....   1%          4    ##.....
f - Shroud of Golubria    Chrm/Tloc      ###...       3%          2    None

Your spell library contained the following spells:

 Spells                   Type           Power        Failure   Level  Hunger
 Spectral Weapon          Hex/Chrm       ####....     1%          3    None
 Leda's Liquefaction      Hex/Erth       ####......   2%          4    ##.....
 Animate Skeleton         Necr           N/A          6%          1    None
 Foxfire                  Conj/Fire      ##..         6%          1    None
 Infusion                 Chrm           ##..         6%          1    None
 Pain                     Necr           ##..         6%          1    None
 Shock                    Conj/Air       ##..         6%          1    None
 Poisonous Vapours        Pois/Air       ##....       9%          2    None
 Song of Slaying          Chrm           ##......     9%          2    None
 Swiftness                Chrm/Air       ##......     9%          2    None
 Ozocubu's Armour         Chrm/Ice       ##......     17%         3    None
 Conjure Flame            Conj/Fire      ##......     19%         3    None
 Mephitic Cloud           Conj/Pois/Air  ##......     19%         3    None
 Static Discharge         Conj/Air       ##......     19%         3    None
 Vampiric Draining        Necr           ##........   19%         3    None
 Airstrike                Air            ##........   52%         4    ##.....
 Animate Dead             Necr           N/A          52%         4    ##.....
 Sticky Flame             Conj/Fire      ##......     52%         4    ##.....
 Agony                    Necr           ##......     86%         5    ####...
 Bolt of Magma            Conj/Fire/Erth ##........   86%         5    ####...
 Fireball                 Conj/Fire      ##........   86%         5    ####...
 Lightning Bolt           Conj/Air       ##........   86%         5    ####...
 Freezing Cloud           Conj/Ice/Air   ##........   100%        6    ######.
 Iron Shot                Conj/Erth      ##........   100%        6    ######.
 Statue Form              Tmut/Erth      ##.......    100%        6    ######.
 Ring of Flames           Chrm/Fire      ##........   100%        7    #######
 Shatter                  Erth           ##........   100%        9    #######


Dungeon Overview and Level Annotations

Branches:
Dungeon (15/15)            Temple (1/1) D:4            Lair (6/6) D:10
 Shoals (0/4) Lair:4       Spider (4/4) Lair:4        Slime (1/5) Lair:5
    Orc (2/2) D:10            Elf (1/3) Orc:2        Vaults (0/5) D:13
 Depths (1/5) D:15

Altars:
Fedhas
Gozag
Hepliaklqana
Makhleb
Okawaru
Ru
Trog
Uskayaw
Wu Jian
Xom
Yredelemnul

Shops:
D:9 =*!%   D:10 *   D:12 *%   Orc:2 }:[[   Lair:2 ?   Spider:1 (   Spider:2 !

Annotations:
Spider:1 3 runed translucent doors, Veteran's ghost, journeyman DgCj
Orc:2 1 runed translucent door, Sickboy's ghost, journeyman MiFi


Innate Abilities, Weirdness & Mutations

You are very small and have problems with some larger weapons.
You are too small for most types of armour.
You have supernaturally acute eyesight. (SInv)
You are a herbivore.
You cover ground extremely quickly.
You need to consume almost no food.


Message History

Purchase which effect? [a] - 420 gold - haste and resistance [b] - 625 gold - flight, stabbing, invisibility, heal wounds and berserk rage [c] - 242 gold - curing and magic Purchase which effect?
You no longer have enough gold to petition Gozag for potion effects.
You feel better. Magic courses through your body.
The tentacled starspawn is no longer distracted by gold.
The angel hits you with a +1 whip of holy wrath!
* * * LOW HITPOINT WARNING * * *
The angel hits you but does no damage.
A wight comes into view. It is wielding a +0 mace.
A raiju comes into view.
The bone dragon completely misses you. The bone dragon misses you.
The bone dragon tramples you!
* * * LOW HITPOINT WARNING * * *
You hold your ground!
The tentacled starspawn bites you. The tentacled starspawn engulfs you.
You die...
Your body crumbles into a pile of gold.

.. . 5. .. ... . .#
.. # # 5# . #.#
#.##$# . .###.
..#.##3 . .
...*x#### ..#.# #.
##X$$#.(# 3..#
##.##X#XA.##..##§###
###z..3XX@D# .#. §.
. . #z###z####..#.
#§# #. .. #h.# . # #
## #.###.### .# #
#.#. #. .. .# # .
.## #. . # # . .# .
#


You could see a bone dragon, an angel, 2 tentacled starspawn, 3 thrashing
horrors, a smoke demon, a raiju, a small abomination and 3 wights.

Vanquished Creatures
  Saint Roka (Orc:1)
  Arachne (Spider:2)
  Jorgrun (D:12)
  A lich (D:15)
  2 ghost moths
  5 emperor scorpions
  A juggernaut skeleton (D:15)
  3 entropy weavers
  3 spark wasps
  Snorg (D:12)
  5 ogre magi
  7 hydras
  Josephine (Orc:1)
  Erolcha (D:9)
  3 catoblepae (Lair:6)
  15 two-headed ogres
  A death knight (D:13)
  8 death scarabs (Spider:4)
  5 centaur warriors
  10 death yaks
  Urug (Lair:6)
  A queen ant (Spider:1)
  A tengu warrior (D:13)
  A vampire mage (D:15)
  2 deep elf knights
  2 skeletal warriors (D:15)
  An unseen horror (D:12)
  6 spectral wolf spiders (Spider:4)
  A necromancer (D:14)
  A wolf spider zombie (Spider:4)
  13 orb spiders
  4 orc knights
  16 wolf spiders
  4 ugly things
  3 deep elf magi
  6 moths of wrath
  3 orc sorcerers
  13 elephants
  4 cyclopes
  A centaur zombie (D:15)
  A rust devil (Abyss:3)
  3 spriggan zombies (D:15)
  4 manticores
  4 black mambas
  2 smoke demons (Abyss:3)
  11 spiny frogs
  3 centaur skeletons
  2 torpor snails (Spider:4)
  2 rime drakes
  7 spectral redbacks
  2 gargoyles
  Maggie (D:8)
  2 kobold demonologists (D:15)
  A tormentor (Abyss:3)
  A freezing wraith (D:14)
  2 redback zombies (Spider:4)
  2 komodo dragons
  21 demonic crawlers
  7 yaktaurs
  A queen bee (D:10)
  4 trolls
  A meliai (shapeshifter) (D:14)
  4 spectral jumping spiders (Spider:4)
  32 jumping spiders
  Grinder (D:4)
  A polar bear (Lair:3)
  13 hornets
  5 hippogriffs
  3 jumping spider zombies (Spider:4)
  2 spectral tarantellas (Spider:4)
  3 tarantella zombies (Spider:4)
  A meliai zombie (D:11)
  9 slime creatures
  2 dream sheep (D:11)
  A snapping turtle (Lair:4)
  12 blink frogs
  5 flying skulls (Abyss:3)
  42 redbacks
  5 wraiths
  2 wyverns
  A vampire (D:15)
  5 shadows
  22 tarantellas
  2 ynoxinuls (Abyss:3)
  56 yaks
  Eustachio (D:4)
  3 basilisks
  A hungry ghost (D:6)
  3 small abominations (Abyss:3)
  4 vampire mosquitoes (D:14)
  7 wargs
  Edmund (D:4)
  13 soldier ants (Spider:1)
  2 acid dragons (D:13)
  Duvessa (D:7)
  8 water moccasins
  8 porcupines
  A spectral hornet (Spider:4)
  2 ice beasts (D:14)
  5 sky beasts
  2 eyes of draining
  16 orc warriors
  5 phantoms
  2 necrophages (D:6)
  30 ogres
  21 centaurs
  9 crocodiles
  5 big kobolds
  16 bullfrogs
  8 scorpions
  A water moccasin zombie (D:8)
  Dowan (D:7)
  A scorpion (shapeshifter) (D:14)
  34 killer bees
  5 wights (D:10)
  2 howler monkeys (D:13)
  4 electric eels (Lair:4)
  3 crimson imps
  7 jellies
  3 bullfrog zombies
  A quasit (Abyss:3)
  19 orc priests
  A bullfrog skeleton (D:5)
  2 hounds
  2 iguanas
  21 orc wizards
  Jessica (D:2)
  Ijyb (D:3)
  Terence (D:3)
  16 worker ants
  A hound zombie (D:5)
  10 gnolls
  7 adders
  2 shadow imps
  4 oozes
  4 worms
  3 dart slugs
  7 leopard geckos
  70 orcs
  A ball python (D:7)
  5 giant cockroaches
  7 goblins
  10 hobgoblins
  6 jackals
  3 quokkas
  6 bats
  6 frilled lizards
  30 kobolds
  A quokka skeleton (D:5)
  6 rats
961 creatures vanquished.

Vanquished Creatures (others)
  2 dancing weapons (Orc:2)
  2 blink frogs (Lair:5)
  An orc (Orc:2)
  3 fungi
  8 plants
  5 withered plants (D:15)
21 creatures vanquished.

Grand Total: 982 creatures vanquished

Notes
Turn   | Place    | Note
-------+----------+-------------------------------------------
     0 | D:1      | zaran the Spriggan Arcane Marksman began the quest for the
                  | Orb.
     0 | D:1      | Reached XP level 1. HP: 9/9 MP: 3/3
   319 | D:1      | Reached XP level 2. HP: 14/14 MP: 5/5
   376 | D:1      | Reached skill level 1 in Fighting
   517 | D:1      | Learned a level 2 spell: Slow
  1006 | D:2      | Noticed Jessica
  1038 | D:2      | Killed Jessica
  1038 | D:2      | Reached XP level 3. HP: 18/18 MP: 2/7
  1598 | D:2      | Learned a level 3 spell: Portal Projectile
  1819 | D:3      | Reached XP level 4. HP: 21/22 MP: 3/9
  1850 | D:3      | Reached skill level 1 in Stealth
  2154 | D:3      | HP: 1/22 [orc priest/nerve-wracking pain (5)]
  2572 | D:3      | Reached XP level 5. HP: 22/25 MP: 1/10
  3268 | D:3      | Noticed Terence
  3368 | D:3      | Killed Terence
  3849 | D:3      | Noticed Ijyb
  3849 | D:3      | Paralysed by Ijyb for 7 turns
  3863 | D:3      | Killed Ijyb
  4021 | D:4      | Found a staircase to the Ecumenical Temple.
  4028 | Temple   | Entered the Ecumenical Temple
  4060 | Temple   | Became a worshipper of Gozag Ym Sagoz the Greedy
  4147 | D:4      | Reached XP level 6. HP: 19/30 MP: 6/13
  4321 | D:4      | Got a jewelled spear
  4322 | D:4      | Identified the +4 spear of the Five Ships {protect, Str+4}
                  | (You found it on level 4 of the Dungeon)
  4399 | D:4      | Reached skill level 5 in Hexes
  4419 | D:4      | Found a basalt altar of Yredelemnul.
  4485 | D:4      | Reached skill level 1 in Crossbows
  5029 | D:4      | Reached skill level 5 in Bows
  5029 | D:4      | Reached skill level 1 in Translocations
  5301 | D:4      | Noticed Eustachio
  5310 | D:4      | Killed Eustachio
  5310 | D:4      | Reached XP level 7. HP: 34/34 MP: 13/15
  5497 | D:4      | Reached skill level 5 in Spellcasting
  5628 | D:4      | Learned a level 3 spell: Inner Flame
  5713 | D:4      | Noticed Grinder
  5728 | D:4      | Killed Grinder
  5758 | D:4      | Noticed Edmund
  5855 | D:4      | Killed Edmund
  5855 | D:4      | Reached skill level 1 in Evocations
  5855 | D:4      | Reached XP level 8. HP: 39/39 MP: 15/17
  6514 | D:4      | Found a bloodstained altar of Trog.
  6689 | D:5      | Entered Level 5 of the Dungeon
  6728 | D:5      | Reached skill level 1 in Short Blades
  8332 | D:6      | Found a bloodstained altar of Trog.
  8803 | D:7      | Noticed Duvessa
  8809 | D:7      | Noticed Dowan
  9394 | D:6      | Reached XP level 9. HP: 39/44 MP: 2/19
 10895 | D:7      | Killed Dowan
 10943 | D:7      | Killed Duvessa
 10943 | D:7      | Reached skill level 10 in Bows
 11941 | D:8      | Noticed Maggie
 11961 | D:8      | Killed Maggie
 12060 | D:9      | Found Wyschim's Distillery.
 12088 | D:9      | Bought a potion of heal wounds for 50 gold pieces
 12088 | D:9      | Bought a potion of heal wounds for 50 gold pieces
 12088 | D:9      | Bought 2 potions of heal wounds for 100 gold pieces
 12358 | D:9      | Reached skill level 1 in Long Blades
 12373 | D:9      | Found Purimupi's Jewellery Emporium.
 12504 | D:9      | Noticed a two-headed ogre
 12558 | D:9      | Killed a two-headed ogre
 12558 | D:9      | Reached skill level 5 in Crossbows
 12558 | D:9      | Reached XP level 10. HP: 49/49 MP: 13/21
 12654 | D:9      | Found Guanoo's Food Shoppe.
 12660 | D:9      | Bought a ration for 50 gold pieces
 12660 | D:9      | Bought a ration for 50 gold pieces
 12660 | D:9      | Bought a ration for 50 gold pieces
 12660 | D:9      | Bought a ration for 50 gold pieces
 12660 | D:9      | Bought a ration for 50 gold pieces
 12660 | D:9      | Bought a ration for 50 gold pieces
 12660 | D:9      | Bought a ration for 50 gold pieces
 12660 | D:9      | Bought a ration for 50 gold pieces
 12660 | D:9      | Bought a ration for 50 gold pieces
 12707 | D:9      | Found Uwir's General Store.
 13348 | D:9      | Noticed Erolcha
 13416 | D:9      | Killed Erolcha
 14058 | D:10     | Entered Level 10 of the Dungeon
 14702 | D:10     | Learned a level 4 spell: Cause Fear
 14834 | D:10     | Found a staircase to the Orcish Mines.
 16792 | D:10     | Reached skill level 5 in Dodging
 16792 | D:10     | Reached XP level 11. HP: 54/54 MP: 22/24
 17157 | D:10     | Found a staircase to the Lair.
 17453 | D:10     | Bought a scroll of identify for 32 gold pieces
 17453 | D:10     | Bought 24 arrows for 76 gold pieces
 17453 | D:10     | Bought a potion of curing for 48 gold pieces
 17453 | D:10     | Bought a ration for 80 gold pieces
 17487 | Orc:1    | Entered Level 1 of the Orcish Mines
 17908 | Orc:1    | Noticed Josephine
 18296 | D:10     | Reached skill level 5 in Fighting
 18815 | Orc:1    | Killed Josephine
 18990 | Orc:2    | Entered Level 2 of the Orcish Mines
 19004 | Orc:2    | Noticed an orc knight
 19120 | Orc:2    | Found a staircase to the Elven Halls.
 19123 | Orc:2    | Noticed an orc knight
 19125 | Orc:2    | Noticed an orc sorcerer
 19400 | Orc:2    | Noticed a two-headed ogre
 19425 | Orc:2    | Noticed an ogre mage
 19591 | Orc:2    | Noticed a two-headed ogre
 19788 | D:11     | Got a transparent short sword
 19793 | D:11     | Identified the +6 short sword of the Dove {venom, Int+4
                  | SInv} (You found it on level 11 of the Dungeon)
 20209 | D:11     | Noticed a fire dragon
 20639 | D:11     | Reached skill level 10 in Hexes
 20847 | D:11     | Noticed a three-headed hydra
 20897 | D:11     | Killed a three-headed hydra
 21239 | D:12     | Got a slimy hunting sling
 21240 | D:12     | Identified the +0 hunting sling of Breach {freeze, rC-
                  | Str+2 Int+4} (You found it on level 12 of the Dungeon)
 21315 | D:11     | Reached skill level 1 in Slings
 21570 | D:12     | Noticed an unseen horror
 21598 | D:12     | Killed an unseen horror
 22233 | D:12     | Found Ekunioc's Food Emporium.
 22256 | D:12     | Bought a ration for 60 gold pieces
 22256 | D:12     | Bought a ration for 60 gold pieces
 22256 | D:12     | Bought a ration for 60 gold pieces
 22256 | D:12     | Bought a ration for 60 gold pieces
 22314 | D:13     | Noticed Jorgrun
 22374 | D:12     | Killed Jorgrun
 22374 | D:12     | Reached skill level 5 in Slings
 22374 | D:12     | Reached skill level 5 in Stealth
 22374 | D:12     | Reached skill level 10 in Spellcasting
 22374 | D:12     | Reached XP level 12. HP: 52/60 MP: 21/27
 22409 | D:13     | Noticed a tengu warrior
 22510 | D:13     | Noticed Snorg
 22663 | D:13     | Noticed a centaur warrior
 22665 | D:13     | Killed a centaur warrior
 22723 | D:13     | Noticed an ogre mage
 22908 | D:13     | Noticed a centaur warrior
 23386 | D:13     | Reached skill level 5 in Short Blades
 23951 | D:12     | Killed Snorg
 24548 | D:13     | Identified the ring of Brilliance {rC+ Int+4}
 24548 | D:13     | Noticed a death knight
 25306 | D:13     | Killed an ogre mage
 25604 | D:13     | Killed a death knight
 25756 | D:13     | Killed a tengu warrior
 25908 | D:13     | Found a gate to the Vaults.
 25990 | D:12     | Bought 15 arrows for 33 gold pieces
 25990 | D:12     | Bought a ration for 55 gold pieces
 27409 | D:14     | Reached XP level 13. HP: 65/65 MP: 25/29
 27474 | D:14     | Found the +8 Wrath of Trog {antimagic, *Rage}
 29400 | D:15     | Entered Level 15 of the Dungeon
 33926 | D:15     | Identified the +1 ring mail of Narcissism {+Blink}
 34735 | D:15     | Found a staircase to the Depths.
 37311 | Orc:1    | Reached XP level 14. HP: 70/70 MP: 28/31
 37563 | Orc:2    | Noticed Saint Roka
 38038 | Lair:1   | Entered Level 1 of the Lair of Beasts
 39337 | Lair:1   | Reached skill level 10 in Crossbows
 40096 | Lair:2   | Learned a level 2 spell: Shroud of Golubria
 41254 | Lair:2   | Upgraded the game from 0.25-a0-577-ga4619f409e to
                  | 0.25-a0-578-gc91f01c39c
 41277 | Lair:2   | Bought a scroll of identify for 20 gold pieces
 41277 | Lair:2   | Bought a scroll of enchant weapon for 75 gold pieces
 41277 | Lair:2   | Bought a scroll of enchant weapon for 75 gold pieces
 41277 | Lair:2   | Bought a scroll of enchant armour for 75 gold pieces
 41277 | Lair:2   | Bought a scroll of teleportation for 30 gold pieces
 41277 | Lair:2   | Bought a scroll of identify for 20 gold pieces
 42542 | Lair:4   | Found an ornate altar of the Wu Jian Council.
 42644 | Lair:4   | Found a staircase to the Shoals.
 43422 | Lair:4   | Found a hole to the Spider Nest.
 43672 | Lair:4   | You fall into a shaft and drop 2 floors!
 43672 | Lair:6   | Entered Level 6 of the Lair of Beasts
 43993 | Lair:5   | Found a staircase to the Slime Pits.
 45586 | Lair:6   | Reached XP level 15. HP: 64/75 MP: 24/33
 47061 | Lair:6   | Noticed Urug
 47075 | Lair:6   | Killed Urug
 48320 | Slime:1  | Entered Level 1 of the Pits of Slime
 48632 | Slime:1  | Noticed an acid blob
 48633 | Slime:1  | Noticed an acid blob
 49268 | Spider:1 | Entered Level 1 of the Spider Nest
 50221 | Spider:1 | Found a runed translucent gate.
 50221 | Spider:1 | Found a runed translucent gate.
 50222 | Spider:1 | Found a runed translucent gate.
 50223 | Spider:1 | Noticed Veteran's ghost (journeyman DgCj)
 51399 | Spider:1 | Noticed a ghost moth
 51458 | Spider:1 | Killed a ghost moth
 51989 | Spider:2 | Reached skill level 10 in Dodging
 52493 | Spider:1 | Bought a glowing shortbow for 252 gold pieces
 52493 | Spider:1 | Bought a glowing hunting sling for 189 gold pieces
 54025 | Spider:2 | Noticed Arachne
 54116 | Spider:2 | Killed Arachne
 54773 | Spider:2 | Reached XP level 16. HP: 82/82 MP: 35/35
 55740 | Spider:2 | Bought a potion of heal wounds for 85 gold pieces
 55740 | Spider:2 | Bought a potion of heal wounds for 85 gold pieces
 55740 | Spider:2 | Bought 2 potions of heal wounds for 170 gold pieces
 55740 | Spider:2 | Bought a potion of haste for 170 gold pieces
 55740 | Spider:2 | Bought a potion of heal wounds for 85 gold pieces
 57517 | Spider:4 | Entered Level 4 of the Spider Nest
 58278 | Spider:4 | Paralysed by a hornet for 1 turns
 59219 | Spider:4 | Reached skill level 10 in Short Blades
 65252 | Spider:4 | Reached XP level 17. HP: 88/88 MP: 36/36
 65485 | Spider:4 | Got a gossamer rune of Zot
 66794 | Orc:1    | HP: 3/88 [Saint Roka/divine providence (14)]
 66896 | Orc:1    | Killed Saint Roka
 66896 | Orc:1    | Reached skill level 15 in Hexes
 67311 | Orc:1    | Reached skill level 15 in Spellcasting
 68036 | Orc:2    | Found Onas's Antique Armour Boutique.
 68036 | Orc:2    | Found Retot's Book Shoppe.
 68036 | Orc:2    | Found Losoa's Armour Shoppe.
 68036 | Orc:2    | Found Gidghovva's Gadget Shop.
 68286 | Orc:2    | Found a runed translucent door.
 68286 | Orc:2    | Found a shimmering altar of Xom.
 68286 | Orc:2    | Noticed Sickboy's ghost (journeyman MiFi)
 68516 | Elf:1    | Entered Level 1 of the Elven Halls
 69988 | Depths:1 | Entered Level 1 of the Depths
 69988 | Depths:1 | Noticed a lich
 70127 | D:15     | Killed a lich
 70374 | Depths:1 | Noticed a lich
 70390 | Depths:1 | Cast into level 3 of the Abyss (a lich)
 70772 | Abyss:3  | Noticed a bone dragon
 70779 | Abyss:3  | HP: 1/88 [bone dragon (9)]
 70782 | Abyss:3  | Slain by a tentacled starspawn

Levels and vault maps discovered:
D:1:      scummos_arrival_checkerplants, layout_loops_ring, minmay_heptomino_l4
D:2:      layout_basic, uniq_jessica
D:3:      layout_basic, cheibrodos_sewer_entry_bend, uniq_ijyb, uniq_terence
D:4:      layout_gridville, overflow_temple_1_default, temple_statues,
          trog_hazing_becter, uniq_edmund, uniq_eustachio, uniq_grinder
D:5:      wad_pebble_path, layout_loops_ring, first_ration, glass_columns_b,
          minivault_25
D:6:      layout_basic, lemuel_coloured_pillars_altar
D:7:      layout_basic, uniq_duvessa
D:8:      layout_basic, uniq_maggie
D:9:      layout_stronghold, serial_shops, shop, shop_fountains, shop, shop,
          uniq_erolcha
D:10:     layout_cave_pools, erik_lair_orcish_takeover, hiddenorc2_lemuel,
          special_room [special_room_bee]
D:11:     layout_rooms, hangedman_ranch [blue_anna_fruit_fields],
          kennysheep_just_a_vault
D:12:     layout_big_octagon, serial_shops, nicolae_shop_waterfront
D:13:     layout_small_grid, hangedman_vaults_entry_quadrant_bands,
          roderic_three_in_a_row, drop_trap, minmay_unpleasant_kobolds,
          uniq_snorg, uniq_jorgrun
D:14:     layout_gridville
D:15:     gammafunk_depths_entry_grave, layout_stronghold, chequers_arboretum
Temple:   regret_index_temple_chain_breaker
Lair:1:   layout_cave_pods, beast_lair_carwin_10
Lair:2:   layout_layer_cave
Lair:3:   layout_concentric_octagons
Lair:4:   layout_big_grid, minmay_shoals_entry_hut,
          spider_nest_entry_funnel_web, basic_altar, serial_bayou,
          serial_bayou_crossing, serial_bayou_ford_a, serial_bayou_lake_a,
          serial_bayou_pond_a, serial_bayou_lagoon_b,
          chequers_serial_rivers_micro_b
Lair:5:   layout_hall_layers, nicolae_slime_entry_slimehenge
Lair:6:   evilmike_catoblepas_cave, layout_loops_ring, lemuel_fruit_tree,
          uniq_urug
Spider:1: layout_spider_delve, ebering_ghost_rock_garden, minmay_another_anthill
Spider:2: spiders_nest_scorpion_pit, drop_trap, nicolae_spider_cling_ruins,
          uniq_arachne
Spider:3: layout_spider_delve, drop_trap
Spider:4: floodkiller_spider_rune_tomb, worms_lemuel
Slime:1:  layout_caves
Orc:1:    layout_caves, uniq_josephine
Orc:2:    st_orc_ogre_mass, layout_caves, ebering_ghost_xom, uniq_saint_roka
Elf:1:    layout_rooms, serial_shops, nicolae_shop_waterfront,
          minmay_elf_demonology, nicolae_elf_m_pinch
Depths:1: layout_gridlike, hangedman_decor_lopped, grunt_hell_entry_dis_old,
          hangedman_decor_clover_reticule, grunt_ministairs_5, drop_trap,
          minmay_hidden_floor, uniq_asterion
Abyss:3:  base: Crypt:2, evilmike_abyss_exit_chaos,
          evilmike_abyss_rune_elephants_shrine,
          evilmike_nicolae_abyss_rune_containment_curve

Skill      XL: |  1  2  3  4  5  6  7  8  9 10 11 12 13 14 15 16 17 |
---------------+----------------------------------------------------+-----
Fighting       | 1 2 3 4 5 6 7 8 9 |  9.9
Spellcasting   | 2 3 4 5 6 7 8 10 11 12 13 14 15 | 15.1
Bows           | 3 4 5 6 8 10 11 12 | 12.7
Hexes          | 4 5 6 7 9 10 11 12 13 14 15 | 15.2
Stealth        | 1 2 3 4 5 6 7 8 9 |  9.1
Crossbows      | 2 3 5 6 7 9 11 12 13 | 13.0
Translocations | 1 2 4 |  4.3
Evocations     | 1 |  1.9
Short Blades   | 1 3 5 6 7 9 10 11 | 11.1
Dodging        | 4 5 6 7 8 10 12 13 | 13.2
Long Blades    | 1 2 3 4 |  4.7
Slings         | 5 6 7 8 |  8.7
Charms         | |  0.2

Action                   |  1- 3 |  4- 6 |  7- 9 | 10-12 | 13-15 | 16-18 || total
-------------------------+-------+-------+-------+-------+-------+-------++-------
Melee: Dagger            |    64 |    67 |       |       |       |       ||   131
       Rapier            |       |       |    28 |     7 |       |   401 ||   436
       Long sword        |       |       |    14 |    55 |       |       ||    69
       Scimitar          |       |       |       |   109 |    97 |    87 ||   293
       Short sword       |       |       |       |   322 |  1390 |   849 ||  2561
 Fire: Shortbow          |    89 |   117 |   365 |   477 |   167 |   183 ||  1398
       Hand crossbow     |       |    39 |   120 |    63 |       |       ||   222
       Hunting sling     |       |       |       |   195 |    88 |   144 ||   427
       Triple crossbow   |       |       |       |    85 |   638 |   249 ||   972
Throw: Throwing net      |       |       |     2 |     1 |       |       ||     3
 Cast: Corona            |    31 |    30 |    86 |   246 |   349 |    95 ||   837
       Slow              |     6 |    10 |    33 |   103 |   135 |    15 ||   302
       Portal Projectile |     1 |     8 |    17 |    26 |    51 |     2 ||   105
       Cause Fear        |       |       |       |       |    12 |     2 ||    14
       Shroud of Golubri |       |       |       |       |     4 |       ||     4
       Inner Flame       |       |       |       |       |     2 |       ||     2
Invok: Call Merchant     |       |       |       |     2 |     2 |     1 ||     5
       Potion Petition   |       |       |       |     1 |     1 |     9 ||    11
 Abil: Cancel Portal Pro |       |       |     1 |     4 |     1 |       ||     6
Evoke: Wand              |       |    10 |     6 |     4 |    13 |       ||    33
       Sack of spiders   |       |       |       |     2 |       |       ||     2
  Use: Scroll            |     3 |     4 |    10 |    12 |    18 |     7 ||    54
       Potion            |       |       |     4 |     6 |    13 |    13 ||    36
 Stab: Sleeping          |     1 |       |       |     9 |    24 |     9 ||    43
       Paralysed         |       |     6 |     4 |       |       |       ||    10
       Invisible         |       |       |       |     4 |       |       ||     4
       Distracted        |       |       |       |     3 |     5 |     5 ||    13
       Held in net/web   |       |       |       |       |       |     2 ||     2
  Eat: Ration            |       |     2 |     3 |     8 |    13 |     8 ||    34
Armor: Robe              |     7 |    16 |     7 |       |       |       ||    30
       Steam dragon scal |       |       |     2 |    77 |   159 |   169 ||   407
Dodge: Dodged            |    73 |    90 |   127 |   642 |  1571 |  1789 ||  4292
       Rpst.: Long sword |       |       |     4 |    13 |       |       ||    17
       Scimitar          |       |       |       |    50 |    23 |    28 ||   101

Table legend:
 A = Non-vault XP
 B = Vault XP
 C = Vault XP percentage of total XP
 D = Non-vault monster count
 E = Vault monster count
 F = Vault count percentage of total count
                 A         B        C        D         E       F
            +---------+---------+-------+---------+---------+-------
      Total |  129188 |  122543 |  48.7 |     608 |     355 |  36.9
            +---------+---------+-------+---------+---------+-------
        D:1 |      24 |       6 |  20.0 |      14 |       4 |  22.2
        D:2 |      17 |      37 |  68.5 |      11 |       1 |   8.3
        D:3 |     182 |      82 |  31.1 |      24 |       4 |  14.3
        D:4 |     578 |     656 |  53.2 |      20 |       9 |  31.0
        D:5 |     354 |       0 |   0.0 |      18 |       0 |   0.0
        D:6 |     972 |       0 |   0.0 |      13 |       0 |   0.0
        D:7 |     662 |     216 |  24.6 |      18 |       2 |  10.0
        D:8 |     365 |     376 |  50.7 |       7 |       1 |  12.5
        D:9 |    2046 |    1374 |  40.2 |      23 |       4 |  14.8
       D:10 |    1388 |    3070 |  68.9 |      23 |      66 |  74.2
       D:11 |    1329 |    2220 |  62.6 |      17 |       8 |  32.0
       D:12 |    2952 |    4019 |  57.7 |      19 |       3 |  13.6
       D:13 |    6137 |    4329 |  41.4 |      25 |      21 |  45.7
       D:14 |    6232 |    1738 |  21.8 |      29 |       3 |   9.4
       D:15 |   14792 |    8118 |  35.4 |      46 |       9 |  16.4
     Lair:1 |    5300 |     917 |  14.7 |      22 |       7 |  24.1
     Lair:2 |    4432 |       0 |   0.0 |      22 |       0 |   0.0
     Lair:3 |    4515 |       0 |   0.0 |      10 |       0 |   0.0
     Lair:4 |    6362 |    2053 |  24.4 |      18 |       6 |  25.0
     Lair:5 |    9375 |     109 |   1.1 |      32 |       5 |  13.5
     Lair:6 |    8578 |   11717 |  57.7 |      23 |      24 |  51.1
   Spider:1 |   11025 |    5999 |  35.2 |      26 |      25 |  49.0
   Spider:2 |    9283 |    8952 |  49.1 |      24 |      18 |  42.9
   Spider:3 |   12408 |    4300 |  25.7 |      34 |       9 |  20.9
   Spider:4 |    7991 |   35062 |  81.4 |      27 |      71 |  72.4
      Orc:1 |    1858 |   21171 |  91.9 |      26 |      41 |  61.2
      Orc:2 |    5883 |    5454 |  48.1 |      21 |      13 |  38.2
   Depths:1 |     361 |     568 |  61.1 |       1 |       1 |  50.0
    Abyss:3 |    3787 |       0 |   0.0 |      15 |       0 |   0.0
            +---------+---------+-------+---------+---------+-------
